omghax, neutral male scurrid Tourist ... W@. --- omghax the Rambler Experience level: 1 Strength: 13 Dexterity: 10 Constitution: 14 Intelligence: 14 Wisdom: 10 Charisma: 18 Health: 9(9) Energy: 2(2) Def: 0 Gold: 1168 Moves: 36 Dungeon seed: aF5tPVUs2USxmuWg Game ID: omghax_1498611155 Your Inventory: Coins $ - 1168 gold pieces Weapons a - 46 uncursed +2 darts (in quiver) Armor e - an uncursed +0 Hawaiian shirt (being worn) Comestibles b - 3 uncursed tripe rations c - 6 uncursed food rations d - an uncursed sprig of wolfsbane f - an uncursed clove of garlic g - an uncursed egg Scrolls i - 4 uncursed scrolls of magic mapping Potions h - 2 uncursed potions of extra healing Wands l - an uncursed wand of secret door detection (0:15) Tools j - an uncursed expensive camera (0:93) k - an uncursed credit card m - an uncursed oil lamp (0:1244) Spells and supernatural/magical abilities: Name Level Category Fail Memory W - pray for help -- divine ? -- Your skills at the end: Miscellaneous Skills wands [Basic] Weapon Skills dart [Basic] Spellcasting Skills Final Attributes: You were devoutly aligned. You had infravision. You were very stealthy. You are dead. Voluntary challenges: You went without food. You did not adorn yourself with jewelry or accessories. You did not cause conflict. You were not invisible. You did not have reflection. You were not displaced. You were an atheist. You never hit with a wielded weapon. You were a pacifist. You did not use tools. You did not use plumbed fixtures. You did not drink any magical draughts. You were illiterate. You never genocided any monsters. You never polymorphed an object. You never changed form. You used no wishes. You never split a pudding. You never wrote Elbereth's name. You never violated your personal moral code. Dungeon overview: The Dungeons of Doom: levels 1 to 15 Level 1 a long staircase Level 2 Level 3 Level 4 Level 5 Level 6 Level 7 a general store Level 8 a fountain Level 9 Level 10 Level 11 a fountain Level 12 an altar to Blind Io Level 13 Level 14 an altar to The Lady Level 15 <- You were here History has recorded: On T:1 you entered the Dungeons of Doom to retrieve the Amulet of Yendor! On T:4 you reached level 2 of The Dungeons of Doom. On T:7 you reached level 3 of The Dungeons of Doom. On T:9 you reached level 4 of The Dungeons of Doom. On T:11 you reached level 5 of The Dungeons of Doom. On T:13 you reached level 6 of The Dungeons of Doom. On T:16 you reached level 7 of The Dungeons of Doom. On T:18 you reached level 8 of The Dungeons of Doom. On T:20 you reached level 9 of The Dungeons of Doom. On T:22 you reached level 10 of The Dungeons of Doom. On T:26 you reached level 11 of The Dungeons of Doom. On T:28 you reached level 12 of The Dungeons of Doom. On T:31 you reached level 13 of The Dungeons of Doom. On T:33 you reached level 14 of The Dungeons of Doom. On T:35 you reached level 15 of The Dungeons of Doom. On T:35 you entered the Rogue tribute level. Score breakdown: Gold: 307 ( 30 points) Experience: 1 level ( 0 points) Exploration: 15 levels ( 420 points) Discoveries: 0 items ( 0 points) Variety of kills: 0 monsters ( 0 points) Major goal: (nothing yet) ( 0 points) Survival: died (score multiplied by 3) Total score: 1350 Latest messages: You couldn't quite make out that last message. You see here a light blue spellbook. You start digging downward. You continue digging downward. You dig a pit in the floor. You continue digging downward. You dig a hole through the floor. You fall through... You start digging downward. You continue digging downward. You dig a pit in the floor. You continue digging downward. You dig a hole through the floor. You fall through... You start digging downward. You continue digging downward. You dig a pit in the floor. You continue digging downward. You dig a hole through the floor. You fall through... You enter what seems to be an older, more primitive world. You start digging downward. The wraith touches you! Final status: Aloha omghax the Tourist, drained of life by a wraith... You died in The Dungeons of Doom on dungeon level 15 with 1350 points, and 1168 pieces of gold, after 36 moves. You were level 1 with a maximum of 9 hit points when you died.